AoeStats
← bill.bolding23

Arabia

509802900Analyzed
1v1 RM · 4d ago on Sep 28, 2026· 15m 30s· 2 players
Game mode
Random Map
Map size
Tiny (2 player)
Population
200
Speed
Normal
Resources
Standard
Victory
Conquest
Starting age
Dark Age
Ending age
Imperial Age
RankedLock teamsTeams togetherTeam positionsShared explorationLock speedFull tech treeHidden civsTurbo modeCheats
Victory
Defeat
🇨🇳 Slavs · China
625
+16
🇺🇸 Huns · United States
626
-16
I_Never_Rush
11:48 Feudal Age
10:04 Loom
12:03 Man-at-Arms
13:21 Double-Bit Axe
13:19 Horse Collar
bill.bolding23
0:27 Loom
11:26 Feudal Age
14:52 Double-Bit Axe
17:53 Castle Age
Connection lost

Rejoining the realm…

Still unreachable

The connection could not be restored.

Session expired

The server has moved on; the page needs a fresh start.